Map: Pillars of Gold LE

Players

Future

  • Race: Terran Terran
  • Spawn Location: 7:00

Astrea - Winner!

  • Race: Protoss Protoss
  • Spawn Location: 1:00

Event: DreamHack SC2 Masters 2020 Summer North America

VOD

Have the link to the VOD?

Description

Time

  • Played on: July 12, 2020, 3:33 p.m.
  • Length: 9:08

All games in this series

Show
View Real Time Build Order
Export as new Build Order

Future Terran 

Build Orders:  

Get SALT Encoding   

  12  0:01  SCV  
  13  0:13  SCV  
  14  0:17  Supply Depot  
  14  0:25  SCV  
  15  0:39  SCV  
  15  0:40  Barracks  
  16  0:44  Refinery  
  16  0:51  SCV  
  17  1:03  SCV  
  18  1:15  SCV  
  19  1:27  Orbital Command  
  19  1:29  Marine  
  20  1:45  Command Center  
  20  1:49  Barracks Reactor  
  20  1:54  SCV  
  20  2:00  Supply Depot  
  21  2:07  SCV  
  22  2:13  Factory  
  22  2:19  SCV  
  22  2:20  Refinery  
  23  2:28  Marine x2  
  25  2:31  SCV  
  26  2:43  SCV  
  27  2:45  Marine x2  
  27  2:50  Supply Depot  
  28  2:55  SCV  
  28  2:58  Hellion  
  31  3:08  Marine  
  31  3:10  Starport  
  31  3:12  Marine, SCV  
  33  3:22  Hellion  
  33  3:26  Marine  
  36  3:29  Marine, SCV  
  36  3:36  Orbital Command  
  36  3:41  SCV  
  33  3:48  Marine x2  
  33  3:49  Factory Tech Lab  
  33  3:53  SCV  
  34  4:02  SCV  
  31  4:05  SCV  
  31  4:06  Starport Tech Lab  
  31  4:08  Marine x2  
  31  4:09  Siege Tank  
  36  4:14  SCV  
  37  4:23  SCV  
  35  4:25  Marine  
  35  4:26  Marine  
  36  4:33  SCV  
  36  4:36  SCV  
  37  4:38  Raven  
  37  4:43  Marine x2  
  40  4:52  Siege Tank  
  42  4:53  SCV x2  
  42  4:59  Supply Depot  
  44  5:01  Marine x2  
  44  5:05  SCV x2  
  48  5:13  Barracks  
  48  5:17  SCV x2  
  48  5:19  Marine x2  
  52  5:21  Raven  
  52  5:23  Supply Depot  
  52  5:25  Engineering Bay  
  54  5:28  Barracks  
  54  5:31  SCV x2  
  56  5:37  Marine x2  
  56  5:38  Factory Reactor  
  58  5:43  SCV x2  
  58  5:46  Supply Depot  
  58  5:47  Barracks  
  60  5:50  Barracks  
  60  5:55  SCV x2  
  62  5:57  Terran Infantry Weapons Level 1  
  62  5:58  Marine  
  62  5:59  Marine  
  62  6:03  Refinery  
  64  6:05  Refinery  
  64  6:08  SCV x2  
  66  6:11  Stimpack  
  66  6:15  Starport Reactor  
  66  6:20  SCV  
  66  6:21  SCV  
  66  6:22  Combat Shield  
  66  6:23  Marine x2  
  70  6:28  Supply Depot  
  69  6:34  Marauder, Supply Depot  
  69  6:36  Marauder  
  69  6:39  Marine x2  
  74  6:46  Marine  
  75  6:48  Marine  
  75  6:54  Medivac  
  79  6:55  Marauder  
  79  6:56  Marine  
  79  6:57  Marauder, Marine, Medivac  
  87  7:05  Supply Depot, Marine x2  
  87  7:06  Supply Depot  
  89  7:14  Marine, Widow Mine  
  94  7:15  Widow Mine  
  94  7:25  Supply Depot  
  94  7:26  Marauder, Marine x4  
  94  7:27  Supply Depot  
  94  7:28  Medivac  
  94  7:29  Medivac  
  104  7:32  Marine  
  104  7:35  Widow Mine  
  107  7:41  Concussive Shells  
  107  7:44  Marine, Widow Mine  
  109  7:46  Marine x3  
  109  7:47  Marine  
  114  7:52  Supply Depot x2  
  113  7:59  Marine  
  113  8:02  Marauder  
  113  8:04  Marine  
  117  8:06  Marine x2  
  117  8:07  Marine  
  120  8:17  Marine  
  121  8:22  Marine  
  121  8:23  Marine  
  121  8:24  Marine x3  
  121  8:35  Marine  
  121  8:39  Marine  
  123  8:41  Marauder  
  123  8:42  Marine x2  
  111  8:49  Marine  
Show
View Real Time Build Order
Export as new Build Order

Astrea Protoss - Winner!

Build Orders: Blink Stalkers 

Get SALT Encoding   

  12  0:00  Probe  
  13  0:12  Pylon  
  13  0:18  Probe  
  14  0:31  Gateway, Probe  
  15  0:39  Probe  
  15  0:46  Assimilator  
  15  0:49  Probe  
  17  1:01  Probe  
  18  1:13  Probe  
  18  1:18  Cybernetics Core  
  19  1:19  Zealot  
  19  1:25  Probe  
  22  1:26  Pylon  
  22  1:37  Probe  
  23  1:44  Adept  
  23  1:55  Warp Gate  
  25  2:05  Stalker, Nexus  
  27  2:18  Probe  
  28  2:23  Assimilator  
  27  2:33  Probe  
  27  2:35  Pylon  
  28  2:40  Stalker  
  30  2:52  Probe  
  30  2:57  Twilight Council  
  31  3:05  Blink, Probe  
  32  3:14  Stalker  
  32  3:17  Probe  
  35  3:23  Probe  
  36  3:29  Probe  
  37  3:35  Probe  
  38  3:41  Probe  
  38  3:47  Probe  
  38  3:53  Probe  
  38  3:54  Gateway  
  37  3:59  Probe  
  36  4:05  Probe  
  36  4:07  Robotics Facility  
  37  4:11  Probe  
  38  4:17  Probe  
  38  4:20  Stalker  
  38  4:23  Probe  
  42  4:30  Probe  
  43  4:35  Probe  
  44  4:42  Probe  
  45  4:48  Observer, Probe  
  44  4:54  Probe  
  44  4:57  Stalker x2  
  50  5:00  Assimilator, Probe  
  50  5:02  Charge  
  50  5:03  Pylon  
  50  5:04  Nexus  
  50  5:05  Pylon  
  50  5:06  Probe  
  52  5:07  Observer  
  52  5:12  Probe  
  55  5:21  Probe  
  55  5:24  Probe  
  56  5:29  Stalker x2  
  56  5:33  Probe  
  61  5:36  Assimilator, Observer  
  61  5:37  Gateway  
  61  5:39  Gateway, Observer  
  61  5:40  Observer  
  62  5:42  Observer  
  62  5:45  Probe x2  
  62  5:48  Observer  
  64  5:53  Stalker x2  
  68  5:57  Probe  
  68  5:59  Observer  
  69  6:06  Probe  
  70  6:12  Observer  
  70  6:15  Probe  
  70  6:16  Templar Archives  
  70  6:17  Gateway  
  70  6:18  Gateway x2  
  71  6:20  Gateway  
  71  6:22  Probe x2  
  71  6:23  Sentry  
  75  6:27  Probe  
  75  6:32  Observer  
  76  6:36  Zealot x3  
  76  6:39  Pylon  
  83  6:41  Pylon  
  83  6:44  Psionic Storm, Assimilator  
  83  6:46  Probe x3  
  85  6:48  Assimilator  
  84  7:05  High Templar  
  84  7:06  Zealot x3  
  92  7:10  Probe x3, Pylon  
  92  7:12  Pylon  
  95  7:17  Warp Prism  
  95  7:18  High Templar  
  95  7:19  High Templar  
  101  7:27  Pylon  
  101  7:32  Probe x3  
  101  7:33  High Templar  
  101  7:36  Forge  
  104  7:44  High Templar  
  104  7:45  Zealot x4  
  104  7:50  Shield Battery x2  
  114  8:02  High Templar x2  
  118  8:08  Zealot x3  
  118  8:12  Pylon  
  124  8:13  Pylon  
  124  8:15  Pylon  
  124  8:16  Pylon  
  122  8:34  Stalker  
  122  8:35  Stalker x7  
  110  8:58  Zealot x8  
  110  9:00  Archon  
Tags
 
Add a new tag
Caveats
  • Supply blocks, unpowered buildings, or Contaminate may cause inaccurate times.
  • Supply counts are checked every 10 seconds.